 Dungeon Crawl Stone Soup version 0.30-a0-782-ge64f9170bb (webtiles) character file.

Game seed: 893356663468226940

75 theswoord the Ruffian (level 4, -4/45 HPs)
             Began as a Troll Monk on Feb 22, 2023.
             Slain by a gnoll
             ... wielding a +0 club
              (6 damage)
             ... on level 3 of the Dungeon.
             The game lasted 00:01:53 (1320 turns).

theswoord the Ruffian (Troll Monk)                  Turns: 1320, Time: 00:01:53

Health: -4/45      AC:  4    Str: 21    XL:     4   Next: 11%
Magic:  3/3        EV: 10    Int:  6    God:
Gold:   76         SH:  0    Dex: 12    Spells: 3/3 levels left

rFire   . . .      SeeInvis .      - Unarmed
rCold   . . .      Faith    .    (no shield)
rNeg    . . .      Spirit   .    a - +0 robe
rPois   +          Reflect  .    (helmet restricted)
rElec   .          Harm     .    (no cloak)
rCorr   .          Rampage  .    (gloves unavailable)
Will    .....                    (boots unavailable)
Stlth   ++                       (no amulet)
HPRegen 1.07/turn                c - ring of poison resistance
MPRegen 0.08/turn                (no ring)

@: no status effects
A: large, unfitting armour, claws 3, regeneration 1, shaggy fur 1, tough skin 1
a: no special abilities


You were on level 3 of the Dungeon.
You visited 1 branch of the dungeon, and saw 3 of its levels.

You collected 76 gold pieces.

Inventory:

Hand Weapons
 k - a +0 whip
Armour
 a - a +0 robe (worn)
Jewellery
 c - a ring of poison resistance (left claw)
Scrolls
 g - a scroll of magic mapping
 l - 2 scrolls of teleportation
Potions
 d - a potion of flight
 e - a potion of degeneration {unknown}
 f - a potion of curing {unknown}
 i - a potion of invisibility {unknown}


   Skills:
 + Level 3.3 Fighting
 - Level 2.4 Dodging
 - Level 1.0 Stealth
 + Level 4.1 Unarmed Combat


You had 3 spell levels left.
You didn't know any spells.
Your spell library was empty.

Dungeon Overview and Level Annotations

Branches:
Dungeon (3/15)

Altars:
Kikubaaqudgha

Shops:
D:2 *


Innate Abilities, Weirdness & Mutations

You are too large for most types of armour.
You have claws for hands.
Your natural rate of healing is unusually fast.
You are covered in fur. (AC +1)
You have tough skin. (AC +1)


Message History

The gnoll barely misses you. x2
You scratch the gnoll. You claw the gnoll, but do no damage.
The gnoll closely misses you. The gnoll hits you with a +0 spear.
* * * LOW HITPOINT WARNING * * *
The gnoll hits you with a +0 halberd.
* * * LOW HITPOINT WARNING * * *
The gnoll closely misses you.
You closely miss the gnoll. The gnoll closely misses you. x2
The gnoll hits you but does no damage. The gnoll hits you with a +0 halberd.
* * * LOW HITPOINT WARNING * * *
You claw the gnoll!
You kill the gnoll!
The gnoll closely misses you. The gnoll barely misses you.
The gnoll misses you.
You have reached level 4!
You are confused.
You feel invigorated. The gnoll barely misses you.
The gnoll hits you but does no damage. The gnoll hits you with a +0 spear!
* * * LOW HITPOINT WARNING * * *
You closely miss the gnoll. The gnoll barely misses you.
The gnoll hits you with a +0 spear.
* * * LOW HITPOINT WARNING * * *
The gnoll hits you with a +0 club.
* * * LOW HITPOINT WARNING * * *
The gnoll hits you but does no damage.
You claw the gnoll!
The gnoll hits you from afar with a +0 spear!
* * * LOW HITPOINT WARNING * * *
The gnoll hits you with a +0 club.
* * * LOW HITPOINT WARNING * * *
The gnoll closely misses you.
You feel less invigorated.
You feel less confused. The gnoll hits you with a +0 spear.
* * * LOW HITPOINT WARNING * * *
The gnoll barely misses you. The gnoll hits you but does no damage.
You barely miss the gnoll. The gnoll hits you with a +0 spear.
* * * LOW HITPOINT WARNING * * *
The gnoll misses you. The gnoll hits you with a +0 club.
You die...

#......# #.#.#####
#.......#
##..###.#
#...#.#<#
#.....#.#
#.#.#.#.#######.
#.###.#.g)......
##...#.#@........
..........gg......
....#...#.........
.. #####.........
##########


You could see 3 gnolls.

Vanquished Creatures
  A gnoll (D:3)
  3 adders (D:2)
  A worm (D:2)
  2 dart slugs (D:1)
  2 endoplasms (D:1)
  3 giant cockroaches
  3 goblins
  A hobgoblin (D:1)
  3 kobolds (D:1)
  A quokka (D:3)
  2 ball pythons (D:1)
  6 bats
  A frilled lizard (D:2)
  3 rats
32 creatures vanquished.

Notes
Turn   | Place    | Note
-------+----------+-------------------------------------------
     0 | D:1      | theswoord the Troll Monk began the quest for the Orb.
     0 | D:1      | Reached XP level 1. HP: 22/22 MP: 0/0
    56 | D:1      | Reached XP level 2. HP: 29/29 MP: 1/1
   846 | D:2      | Identified the +8 sling "Hellblazer" {flame, rPois rF-
                  | Dex+6 SInv}
   935 | D:2      | Reached XP level 3. HP: 30/37 MP: 2/2
  1035 | D:2      | Found Lumek's Assorted Antiques.
  1104 | D:2      | Found an ancient bone altar of Kikubaaqudgha.
  1123 | D:2      | Reached skill level 4 in Unarmed Combat
  1315 | D:3      | Reached XP level 4. HP: 6/45 MP: 3/3
  1316 | D:3      | HP: 1/45 [gnoll/+0 club (6)]
  1320 | D:3      | Slain by a gnoll

Skill      XL: |  1  2  3 |
---------------+----------+-----
Fighting       | 3 |  3.3
Unarmed Combat | 4 |  4.1
Dodging        | |  2.4
Stealth        | |  1.0

Action                     |  1- 3 |  4- 6 || total
---------------------------+-------+-------++-------
  Melee: Unarmed           |    88 |     3 ||    91
         Punch             |     4 |       ||     4
    Use: Scroll            |     7 |       ||     7
         Potion            |       |     1 ||     1
   Stab: Sleeping          |     7 |       ||     7
 Armour: Robe              |    28 |     3 ||    31
  Dodge: Dodged            |    53 |     5 ||    58

Levels and vault maps discovered:
D:1:      minmay_arrival_cross, layout_loops_ring,
          chequers_serial_rivers_large_b
D:2:      layout_basic, serial_shops, shop, basic_altar, minivault_25,
          minmay_pentomino_w2
D:3:      layout_basic, mainiacjoe_overflow_six_doors_small, lemuel_tele_altar,
          dreamdust_ecumenical_altar_statues
